 Dungeon Crawl Stone Soup version 0.18.1-2-ga659475 (webtiles) character file.

6065 nubinia the Arsonist (level 10, -1/67 HPs)
             Began as a Black Draconian Fire Elementalist on May 7, 2016.
             Was a Priest of Vehumet.
             Killed themself with a badly aimed orb of electricity (9 damage)
             ... on level 1 of the Lair of Beasts on May 8, 2016.
             The game lasted 01:09:39 (11768 turns).

nubinia the Arsonist (DrFE)                        Turns: 11768, Time: 01:09:40

Health: -1/67      AC: 15    Str: 10    XL:     10   Next: 57%
Magic:  2/22       EV: 14    Int: 19    God:    Vehumet [***...]
Gold:   502        SH:  0    Dex: 12    Spells: 7 memorised, 6 levels left

rFire  . . .     SeeInvis .     b - +2 short sword (protect)
rCold  . . .     Gourm    .     (armour unavailable)
rNeg   . . .     Faith    .     (no shield)
rPois  .         Spirit   .     Q - +0 hat
rElec  +         Dismiss  .     h - +0 cloak
rCorr  .         Reflect  .     u - +0 pair of gloves
SustAt .         Harm     .     c - +0 pair of boots
MR     .....                    (no amulet)
Stlth  ++........               (no ring)
                                (no ring)

@: not resistant to hostile enchantments, unstealthy
A: breathe lightning, unfitting armour, frail 1, electricity resistance,
cold-blooded, AC +7
a: Breathe Lightning, Renounce Religion


You were on level 1 of the Lair of Beasts.
You worshipped Vehumet.
Vehumet was most pleased with you.
You were very hungry.

You visited 3 branches of the dungeon, and saw 10 of its levels.

You collected 502 gold pieces.

Inventory:

Hand Weapons
 a - a +4 short sword of venom
 b - a +2 short sword of protection (weapon)
 d - a +0 club
 E - a +2 falchion of electrocution
 G - a +1 whip of venom
Armour
 c - a +0 pair of boots (worn)
 h - a +0 cloak (worn)
 u - a +0 pair of gloves (worn)
 Q - a +0 hat (worn)
Wands
 n - a wand of disintegration (4/24)
 o - a wand of flame (0/48)
 s - a wand of disintegration (6/24)
 y - a wand of flame (20/48)
 C - a wand of lightning (13/15)
 J - a wand of lightning (7/15)
 P - a wand of random effects (30/48)
Scrolls
 e - a scroll of noise {unknown}
 i - a scroll of blinking
 k - 2 scrolls of remove curse
 l - 2 scrolls of immolation
 p - a scroll of magic mapping {unknown}
 w - a scroll of recharging
 z - a scroll of teleportation
 K - a scroll of enchant armour {unknown}
 M - a scroll of identify
Potions
 m - a potion of might
 q - 2 potions of mutation
 r - a potion of agility
 t - a potion of curing
 v - a potion of brilliance
 x - a potion of lignification
 B - a potion of flight
 D - a potion of ambrosia
 H - a potion of heal wounds
 N - a potion of haste
 R - a potion of degeneration {unknown}
Books
 j - a book of Flames

   Spells                             Type                      Level
   a - Flame Tongue                   Conjuration/Fire             1
   b - Throw Flame                    Conjuration/Fire             2
   c - Conjure Flame                  Conjuration/Fire             3
   d - Inner Flame                    Hexes/Fire                   3
   e - Sticky Flame                   Conjuration/Fire             4
   f - Fireball                       Conjuration/Fire             5
 I - a book of Envenomations

   Spells                             Type                      Level
   a - Spider Form                    Transmutation/Poison         3
   b - Olgreb's Toxic Radiance        Poison                       4
   c - Alistair's Intoxication        Transmutation/Poison         5
   d - Poisonous Cloud                Conjuration/Poison/Air       6
Comestibles
 f - 6 fruits
 g - 3 beef jerkies
 A - a meat ration
 F - a royal jelly
 L - 5 bread rations
 O - 4 chunks of flesh


   Skills:
 + Level 2.9 Fighting
 + Level 2.6 Short Blades
 + Level 0.2(1.6) Long Blades
 + Level 5.7 Dodging
 + Level 4.0 Stealth
 + Level 8.0 Spellcasting
 + Level 7.5 Conjurations
 + Level 8.4 Fire Magic
 + Level 1.0 Evocations


You had 6 spell levels left.
You knew the following spells:

 Your Spells              Type           Power        Failure   Level  Hunger
a - Flame Tongue          Conj/Fire      #####        1%          1    None
b - Throw Flame           Conj/Fire      #####.       1%          2    None
c - Conjure Flame         Conj/Fire      #####...     1%          3    None
d - Dazzling Spray        Conj/Hex       ###.....     2%          3    None
e - Sting                 Conj/Pois      ###.         1%          1    None
f - Fireball              Conj/Fire      #####.....   3%          5    #####..
s - Sticky Flame          Conj/Fire      #####...     1%          4    ###....


Dungeon Overview and Level Annotations

Branches:
Dungeon (8/15)             Temple (1/1) D:4            Lair (1/8) D:8

Altars:
Elyvilon
Fedhas
Gozag
Kikubaaqudgha
Makhleb
Nemelex Xobeh
Ru
Sif Muna
Trog
Vehumet
Xom
Zin


Innate Abilities, Weirdness & Mutations

You can breathe wild blasts of lightning.
Your glossy black scales are hard (AC +7).
Your body does not fit into most forms of armour.
You are resistant to electric shocks.
You are cold-blooded and may be slowed by cold attacks.
You are frail (-10% HP).


Message History

The elephant burns!
The elephant stops burning.
Casting: Sticky Flame
Confirm with . or Enter, or press ? or * to list all spells.
Aiming: Sticky Flame
Press: ? - help, Shift-Dir - straight line, f/p - elephant
Aim: an elephant (severely wounded)
The sticky flame hits the elephant.
The elephant appears unharmed.
The elephant is severely wounded.
The elephant is covered in liquid flames!
The elephant burns!
The elephant misses you. The elephant closely misses you.
The elephant burns!
The elephant burns!
The elephant burns!
The elephant stops burning.
You see here a river rat corpse.
You breathe a wild blast of lightning!
The orb of electricity explodes!
The orb of electricity engulfs the elephant.
The elephant appears unharmed.
The elephant is almost dead.
The orb of electricity engulfs you! You resist.
You die...

♣... .................# ♣..#
#............####.. ...#
#.....$............#
...######...####P..........#
............# ##..........#
[...†.......# #†.........#
...####.##..# ###††.........
...# ####..###.#<†.........
...# #.....Y@..........#
...## #..#####..........#
...P######..# #[.........#
....!.§.....# #...........
###...###...# #..........#
#....##...# ##..........#
#...###...# #............
#...# ....#####..........#
#....##..........P#.#.##.#


You could see an elephant.

Vanquished Creatures
  An elephant (Lair:1)
  5 blink frogs
  Sigmund (D:2)
  A hungry ghost (D:7)
  Eustachio (D:5)
  Menkaure (D:4)
  A water moccasin (D:8)
  Duvessa (D:5)
  2 sky beasts
  A phantom (D:4)
  A black bear (D:8)
  2 necrophages
  6 ogres
  A crocodile (Lair:1)
  3 centaurs
  Blork the orc (D:5)
  3 giant frogs
  A scorpion (D:5)
  A water moccasin skeleton (D:6)
  Dowan (D:5)
  12 killer bees
  5 howler monkeys
  A crimson imp (D:5)
  A giant frog zombie (D:3)
  4 hounds
  8 orc priests
  A gnoll shaman (D:5)
  11 orc wizards
  A centaur skeleton (D:4)
  2 giant frog skeletons
  4 iguanas
  Natasha (thrice) (D:2)
  4 worker ants
  2 hound skeletons
  A hound zombie (D:5)
  7 adders
  8 gnolls
  6 river rats (Lair:1)
  2 shadow imps
  An adder zombie (D:5)
  A worm (D:3)
  4 dart slugs
  6 giant geckos
  40 orcs
  7 giant cockroaches
  9 goblins
  10 hobgoblins
  12 jackals
  12 kobolds
  4 quokkas
  2 ball pythons (D:1)
  10 bats
  6 giant newts
  A quokka skeleton (D:7)
  11 rats
  2 plants
256 creatures vanquished.

Vanquished Creatures (others)
  14 fungi (Lair:1)
  3 plants (Lair:1)
17 creatures vanquished.

Grand Total: 273 creatures vanquished

Notes
Turn   | Place    | Note
--------------------------------------------------------------
     0 | D:1      | nubinia the Draconian Fire Elementalist began the quest for the Orb.
     0 | D:1      | Reached XP level 1. HP: 14/14 MP: 3/3
   215 | D:1      | Reached XP level 2. HP: 20/20 MP: 1/5
   333 | D:1      | Learned a level 2 spell: Throw Flame
   912 | D:1      | Reached XP level 3. HP: 27/27 MP: 2/6
   920 | D:1      | Learned a level 3 spell: Conjure Flame
  1543 | D:2      | Noticed Sigmund
  1594 | D:2      | Noticed Natasha
  1601 | D:2      | Killed Natasha
  1601 | D:2      | Reached XP level 4. HP: 34/34 MP: 5/7
  1707 | D:2      | Noticed Natasha
  1714 | D:2      | Killed Natasha
  2062 | D:2      | Noticed Natasha
  2079 | D:2      | Killed Natasha
  2082 | D:2      | Gained mutation: Your tail ends in a poisonous barb. [potion of mutation]
  2082 | D:2      | Gained mutation: You are weak. (Str -2) [potion of mutation]
  2082 | D:2      | Gained mutation: You are frail (-10% HP). [potion of mutation]
  2419 | D:3      | Reached XP level 5. HP: 35/35 MP: 9/9
  2732 | D:3      | Reached skill level 1 in Fighting
  2732 | D:3      | Reached skill level 1 in Short Blades
  3436 | D:3      | Reached XP level 6. HP: 11/42 MP: 4/10
  4018 | D:3      | Learned a level 4 spell: Sticky Flame
  4323 | D:4      | Found a staircase to the Ecumenical Temple.
  4341 | Temple   | Entered the Ecumenical Temple
  4378 | Temple   | Became a worshipper of Vehumet
  4526 | D:4      | Your scales start taking on a glossy black colour.
  4526 | D:4      | Reached XP level 7. HP: 37/46 MP: 0/12
  4526 | D:4      | Gained mutation: You are resistant to electric shocks. [Black Draconian growth]
  4861 | D:4      | Noticed Menkaure
  4911 | D:4      | Reached skill level 5 in Fire Magic
  5624 | D:4      | Killed Menkaure
  5676 | D:5      | Entered Level 5 of the Dungeon
  5678 | D:5      | Noticed Blork the orc
  5840 | D:5      | Reached XP level 8. HP: 53/53 MP: 5/15
  5913 | D:5      | Lost mutation: Your tail ends in a poisonous barb. [potion of cure mutation]
  5913 | D:5      | Lost mutation: You are weak. (Str -2) [potion of cure mutation]
  6020 | D:5      | Reached * piety under Vehumet
  6020 | D:5      | Offered knowledge of Sandblast by Vehumet.
  6024 | D:5      | Noticed Eustachio
  6215 | D:5      | Killed Blork the orc
  6304 | D:6      | Reached skill level 5 in Spellcasting
  6769 | D:5      | Reached skill level 5 in Conjurations
  6807 | D:5      | Killed Eustachio
  6876 | D:5      | Noticed Duvessa
  6878 | D:5      | Noticed Dowan
  6886 | D:5      | Killed Dowan
  6893 | D:5      | Killed Duvessa
  6893 | D:5      | Reached XP level 9. HP: 30/61 MP: 10/17
  7112 | D:5      | Found a glowing silver altar of Zin.
  7308 | D:5      | Reached skill level 1 in Evocations
  7945 | D:2      | Killed Sigmund
  8983 | D:7      | Reached ** piety under Vehumet
  8983 | D:7      | Offered knowledge of Sting by Vehumet.
  8993 | D:7      | Learned a level 1 spell: Sting
  9319 | D:7      | Learned a level 5 spell: Fireball
 10153 | D:7      | Upgraded the game from 0.18.1-1-g2f07953 to 0.18.1-2-ga659475
 10211 | D:8      | Reached skill level 5 in Dodging
 10228 | D:8      | Found a staircase to the Lair.
 10386 | D:8      | Offered knowledge of Ignite Poison by Vehumet.
 10596 | D:8      | Reached *** piety under Vehumet
 10619 | D:8      | Reached XP level 10. HP: 67/67 MP: 9/20
 10901 | D:8      | Offered knowledge of Dazzling Spray by Vehumet.
 10919 | D:8      | Learned a level 3 spell: Dazzling Spray
 11015 | D:8      | Found a sacrificial altar of Ru.
 11366 | Lair:1   | Entered Level 1 of the Lair of Beasts
 11711 | Lair:1   | Noticed an elephant
 11720 | Lair:1   | Noticed an elephant
 11746 | Lair:1   | Killed an elephant
 11768 | Lair:1   | Killed themself with a badly aimed orb of electricity

Skill      XL: |  1  2  3  4  5  6  7  8  9 10 |
---------------+-------------------------------+-----
Stealth        | 2 3 4 |  4.0
Dodging        | 2 3 4 5 |  5.7
Fire Magic     | 4 5 6 7 8 |  8.4
Fighting       | 1 2 |  2.9
Short Blades   | 1 2 |  2.6
Spellcasting   | 3 4 5 7 8 |  8.0
Conjurations   | 2 3 4 5 6 7 |  7.5
Evocations     | 1 |  1.0
Long Blades    | |  0.2

Action                   |  1- 3 |  4- 6 |  7- 9 | 10-12 || total
-------------------------+-------+-------+-------+-------++-------
Melee: Club              |    52 |       |       |       ||    52
       Tailslap          |     8 |     6 |     8 |     4 ||    26
       Short sword       |    33 |   113 |   152 |    25 ||   323
       Falchion          |       |       |     5 |       ||     5
 Cast: Flame Tongue      |    39 |    47 |   169 |    51 ||   306
       Throw Flame       |       |    22 |   103 |    10 ||   135
       Conjure Flame     |       |       |     4 |     1 ||     5
       Sticky Flame      |       |       |     2 |    10 ||    12
       Fireball          |       |       |       |     4 ||     4
 Abil: Breathe Lightning |       |       |     7 |     4 ||    11
Evoke: Wand              |       |       |     5 |     1 ||     6
  Use: Scroll            |       |     3 |    10 |     3 ||    16
       Potion            |       |     2 |     3 |       ||     5
 Stab: Sleeping          |     3 |     4 |     2 |       ||     9
  Eat: Chunk             |     3 |     8 |    19 |     5 ||    35
       Meat ration       |       |     1 |       |       ||     1
Armor: Skin              |    34 |    30 |    59 |    26 ||   149
Dodge: Dodged            |    79 |    46 |   128 |    43 ||   296
